Map: [ESL] Babylon

Players

GogojOey

  • Race: Zerg Zerg
  • Spawn Location: 11:00

Coffee - Winner!

  • Race: Terran Terran
  • Spawn Location: 5:00

Event: ESL SC2 Masters 2023 Summer (Regionals)

VOD

Have the link to the VOD?

Description

Time

  • Played on: May 3, 2023, 8:26 a.m.
  • Length: 10:58

All games in this series

Show
View Real Time Build Order
Export as new Build Order

GogojOey Zerg 

Build Orders: Hatch First 

Get SALT Encoding   

  12  0:00  Drone  
  13  0:11  Overlord  
  13  0:16  Drone  
  14  0:30  Drone x2  
  16  0:48  Hatchery  
  15  0:52  Drone  
  15  0:55  Drone  
  17  0:58  Drone  
  18  1:09  Extractor  
  17  1:14  Spawning Pool  
  17  1:17  Drone  
  17  1:21  Drone  
  18  1:27  Drone  
  19  1:38  Drone  
  20  1:48  Drone  
  21  2:01  Queen x2  
  21  2:02  Zergling x4  
  27  2:10  Overlord  
  27  2:20  Hatchery  
  26  2:23  Drone  
  26  2:25  Drone  
  26  2:28  Drone  
  29  2:35  Drone  
  29  2:43  Queen  
  30  2:45  Overlord  
  30  2:47  Drone  
  30  2:49  Drone  
  32  2:53  Drone  
  32  2:55  Drone  
  34  3:03  Queen  
  34  3:05  Zergling x2  
  37  3:06  Drone  
  37  3:09  Metabolic Boost  
  38  3:14  Drone  
  38  3:18  Drone x2  
  41  3:21  Overlord  
  41  3:24  Queen  
  43  3:33  Drone x3  
  43  3:34  Drone  
  47  3:37  Queen  
  49  3:44  Drone  
  49  3:46  Drone x2  
  52  3:51  Drone x2  
  54  4:01  Overlord  
  54  4:02  Drone x3  
  57  4:05  Overlord  
  57  4:06  Overlord  
  57  4:20  Overlord  
  57  4:22  Overlord  
  57  4:23  Queen x2  
  57  4:24  Drone x3  
  64  4:25  Drone x4  
  64  4:29  Drone  
  64  4:30  Drone  
  70  4:32  Extractor  
  70  4:36  Evolution Chamber x2  
  67  4:39  Drone x4  
  67  4:42  Drone x3  
  74  4:46  Spore Crawler  
  74  4:47  Spore Crawler  
  74  4:49  Spore Crawler  
  74  4:50  Drone  
  72  4:59  Drone x3  
  76  5:00  Drone  
  76  5:05  Zergling x6  
  76  5:06  Zergling x2, Spore Crawler  
  79  5:08  Zerg Ground Armor Level 1  
  79  5:09  Zerg Melee Weapons Level 1  
  79  5:16  Extractor x2  
  79  5:17  Drone x3  
  79  5:20  Drone  
  82  5:21  Drone x2  
  82  5:24  Drone x2  
  85  5:30  Overlord, Hatchery  
  85  5:31  Lair  
  84  5:36  Baneling Nest  
  84  5:39  Zergling x2  
  84  5:40  Zergling x8  
  84  5:50  Hatchery, Drone x7  
  81  6:00  Drone x3  
  80  6:10  Drone  
  80  6:11  Drone x2  
  79  6:15  Drone x6  
  83  6:19  Overlord x2  
  81  6:26  Drone  
  81  6:31  Drone x2  
  84  6:32  Centrifugal Hooks  
  84  6:34  Queen  
  84  6:35  Drone x2  
  84  6:37  Hatchery, Drone  
  84  6:38  Overseer  
  86  6:40  Zergling x4  
  86  6:41  Zergling x2  
  86  6:43  Zergling x6  
  86  6:44  Zergling x6  
  95  6:51  Zergling x4  
  95  6:54  Baneling x7  
  97  6:55  Zergling x2  
  97  6:57  Queen  
  100  7:03  Zergling x6  
  100  7:08  Baneling x3  
  103  7:09  Baneling x3  
  103  7:11  Overlord  
  103  7:12  Zergling x2  
  103  7:13  Zergling x4  
  106  7:16  Baneling x3  
  106  7:17  Overlord  
  106  7:20  Hatchery  
  106  7:22  Overlord  
  103  7:30  Overlord, Drone  
  103  7:31  Drone x7  
  103  7:35  Zerg Ground Armor Level 2  
  103  7:36  Zerg Melee Weapons Level 2  
  111  7:38  Drone x3  
  114  7:46  Drone x4  
  114  7:47  Hydralisk Den  
  114  7:48  Zergling x8  
  114  7:49  Extractor  
  120  7:53  Baneling x4  
  118  8:00  Zergling x18  
  126  8:07  Drone x7  
  133  8:13  Zergling x14  
  133  8:17  Grooved Spines  
  133  8:18  Hydralisk  
  142  8:23  Overlord, Baneling x5  
  140  8:28  Zergling x2  
  140  8:30  Overlord x2  
  141  8:42  Hydralisk x4, Zergling x14  
  147  8:51  Hydralisk  
  147  8:52  Zergling x16  
  134  9:04  Hydralisk  
  134  9:05  Zergling x20  
  134  9:07  Baneling x6  
  134  9:09  Hydralisk  
  134  9:10  Zergling x6  
  134  9:12  Baneling x3  
  139  9:19  Overlord x2  
  139  9:20  Overlord x2  
  132  9:24  Baneling x8  
  132  9:25  Hatchery  
  132  9:29  Muscular Augments  
  129  9:36  Zergling x2  
  129  9:37  Zergling x24  
  130  9:41  Zergling x8  
  129  9:52  Hydralisk, Zergling x8  
  127  9:55  Baneling x8  
  127  9:56  Zergling x10  
  119  10:07  Baneling x7  
  119  10:09  Zergling x26  
  119  10:13  Drone  
  133  10:16  Baneling  
  133  10:17  Baneling x2, Spore Crawler  
  133  10:18  Zergling x2, Spore Crawler  
  132  10:24  Hydralisk  
  132  10:25  Zergling x4  
  135  10:32  Zergling x10  
  135  10:33  Zergling x8  
  133  10:40  Zergling x2  
  133  10:41  Zergling x8  
  110  10:47  Extractor x2  
Show
View Real Time Build Order
Export as new Build Order

Coffee Terran - Winner!

Build Orders: Reaper Expand, Hellion Banshee 

Get SALT Encoding   

  12  0:00  SCV  
  13  0:12  SCV  
  14  0:16  Supply Depot  
  14  0:24  SCV  
  15  0:38  SCV  
  15  0:40  Barracks  
  16  0:43  Refinery  
  16  0:50  SCV  
  17  1:02  SCV  
  18  1:14  SCV  
  19  1:27  Orbital Command, Reaper  
  20  1:40  Command Center  
  20  1:48  Supply Depot  
  20  1:53  SCV  
  21  1:59  Marine  
  22  2:05  SCV  
  23  2:12  Factory  
  23  2:17  SCV  
  23  2:20  Barracks Reactor  
  24  2:29  SCV  
  25  2:41  SCV  
  26  2:46  Command Center  
  26  2:53  Orbital Command  
  26  2:54  SCV  
  27  3:00  Starport  
  27  3:06  Refinery  
  27  3:07  SCV  
  28  3:16  Hellion  
  28  3:17  Hellion  
  28  3:19  Barracks Tech Lab  
  32  3:21  SCV  
  32  3:23  SCV  
  34  3:33  SCV  
  35  3:35  SCV  
  35  3:38  Hellion  
  35  3:39  Hellion  
  40  3:43  Marine, Banshee  
  40  3:48  SCV x2  
  46  3:56  Cloaking Field  
  46  4:01  Orbital Command  
  46  4:04  Hellion x2, SCV x2  
  46  4:09  Supply Depot  
  52  4:11  Barracks Tech Lab  
  52  4:17  SCV x2  
  54  4:26  Banshee  
  54  4:28  Hellion x2  
  54  4:30  SCV  
  62  4:33  Supply Depot  
  62  4:39  Stimpack, SCV x2  
  62  4:42  SCV  
  65  4:55  SCV x2  
  65  4:56  Engineering Bay  
  65  4:57  Barracks  
  65  4:59  Engineering Bay  
  67  5:00  Refinery, Factory Reactor  
  67  5:01  Barracks, Refinery  
  67  5:04  Supply Depot  
  67  5:06  SCV  
  67  5:07  SCV x2  
  70  5:17  Barracks  
  70  5:18  Barracks  
  70  5:22  SCV x2  
  70  5:26  Supply Depot  
  70  5:27  Starport Reactor, Supply Depot  
  72  5:29  Terran Infantry Weapons Level 1  
  72  5:30  Terran Infantry Armor Level 1  
  72  5:38  Marine  
  72  5:41  SCV x2  
  72  5:42  Orbital Command  
  75  5:45  Marine x2  
  71  6:03  Siege Tank  
  63  6:07  Orbital Command, Marine x4  
  63  6:09  Marine x2  
  69  6:12  SCV x2  
  69  6:14  Medivac x2  
  69  6:15  Marine  
  69  6:16  Supply Depot x2  
  69  6:18  Combat Shield  
  76  6:24  Marine x2  
  76  6:25  Marine  
  79  6:30  SCV x2  
  81  6:32  Barracks Reactor  
  81  6:34  Marine x2  
  81  6:39  SCV, Siege Tank  
  87  6:42  SCV  
  87  6:43  Supply Depot x2  
  87  6:44  Supply Depot  
  87  6:47  Marine x2  
  87  6:48  Barracks Reactor  
  87  6:50  SCV  
  87  6:51  SCV  
  91  6:57  Barracks  
  91  6:58  Barracks x2  
  91  6:59  Marine  
  91  7:00  Marine x2  
  94  7:05  Marine  
  94  7:07  Medivac x2  
  99  7:09  Armory  
  99  7:12  Marine x3  
  102  7:17  Marine, Siege Tank  
  106  7:23  Bunker  
  106  7:29  Marine x5  
  106  7:30  Marine x2  
  106  7:36  SCV, Supply Depot x2  
  106  7:37  SCV x2  
  115  7:40  Medivac  
  115  7:41  Medivac  
  119  7:47  Marine x3  
  119  7:48  Marauder  
  119  7:50  Siege Tank  
  126  8:00  SCV x2  
  126  8:05  Marine  
  127  8:06  Marine x7  
  127  8:08  Marine x3  
  127  8:09  Marine  
  127  8:10  Supply Depot  
  127  8:12  Supply Depot  
  139  8:18  Terran Infantry Weapons Level 2  
  139  8:20  Terran Infantry Armor Level 2  
  139  8:32  Marine  
  139  8:33  Marine x8  
  148  8:38  Siege Tank  
  151  8:46  Marine x3  
  150  8:50  Marine  
  137  9:04  Marine x11  
  137  9:08  Marine  
  143  9:10  Command Center  
  143  9:11  Medivac x2  
  147  9:21  Marine  
  147  9:22  Marine  
  147  9:23  Marine  
  147  9:24  Marine x7  
  157  9:31  Marine  
  157  9:32  Marine, Supply Depot  
  157  9:34  Siege Tank  
  150  9:39  Marine  
  150  9:40  Marine  
  150  9:41  Marine x3  
  151  9:49  Marine  
  147  9:53  Medivac x2  
  144  10:04  Marine  
  139  10:07  Marine x3  
  139  10:08  Siege Tank  
  139  10:09  Factory  
  139  10:11  Refinery  
  139  10:12  Marine x6, Refinery  
  151  10:23  Marine x2  
  151  10:29  Marine x5  
  151  10:30  Marine  
  143  10:40  Marine  
Tags
 
Add a new tag
Caveats
  • Supply blocks, unpowered buildings, or Contaminate may cause inaccurate times.
  • Supply counts are checked every 10 seconds.